 Dungeon Crawl Stone Soup version 0.18.1-6-gd335043 (webtiles) character file.

50 jacquesderrida the Charmwright (level 3, -4/27 HPs)
             Began as a Demonspawn Skald on May 19, 2016.
             Slain by a gnoll (5 damage)
             ... on level 2 of the Dungeon.
             The game lasted 00:02:27 (610 turns).

jacquesderrida the Charmwright (Demonspawn Skald)    Turns: 610, Time: 00:02:28

Health: -4/27      AC:  3    Str: 12    XL:     3   Next: 55%
Magic:  6/6        EV: 11    Int: 13    God:
Gold:   40         SH:  0    Dex: 13    Spells: 2 memorised, 2 levels left

rFire  . . .     SeeInvis .     a - +0 spear
rCold  . . .     Gourm    .     b - +0 leather armour
rNeg   . . .     Faith    .     (no shield)
rPois  .         Spirit   .     (no helmet)
rElec  .         Dismiss  .     (no cloak)
rCorr  .         Reflect  .     (no gloves)
SustAt .         Harm     .     (no boots)
MR     .....                    (no amulet)
Stlth  +.........               (no ring)
                                (no ring)

@: not resistant to hostile enchantments, very unstealthy
A: powered by death 1
a: no special abilities


You were on level 2 of the Dungeon.
You were not hungry.

You visited 1 branch of the dungeon, and saw 3 of its levels.

You collected 40 gold pieces.

Inventory:

Hand Weapons
 a - a +0 spear (weapon)
Armour
 b - a +0 leather armour (worn)
Scrolls
 h - a scroll of recharging {unknown}
 j - a scroll of identify
 k - a scroll of blinking {unknown}
Potions
 e - a potion of flight
Books
 c - a book of Battle

   Spells                             Type                      Level
   a - Infusion                       Charms                       1
   b - Shroud of Golubria             Charms/Translocation         2
   c - Song of Slaying                Charms                       2
   d - Spectral Weapon                Hexes/Charms                 3
   e - Regeneration                   Charms/Necromancy            3
Comestibles
 d - 2 bread rations
 f - a fruit
 g - a meat ration


   Skills:
 - Level 2.2 Fighting
 + Level 2.7 Polearms
 - Level 0.8 Armour
 - Level 0.8 Dodging
 - Level 2.1 Spellcasting
 + Level 1.0 Hexes
 - Level 3.1 Charms


You had 2 spell levels left.
You knew the following spells:

 Your Spells              Type           Power        Failure   Level  Hunger
a - Infusion              Chrm           #...         12%         1    ##.....
b - Spectral Weapon       Hex/Chrm       #.......     41%         3    ####...


Dungeon Overview and Level Annotations

Branches:
Dungeon (3/15)

Altars:


Innate Abilities, Weirdness & Mutations

You regenerate a little health from kills.


Message History

You hit the gnoll.
The gnoll is severely wounded.
The gnoll hits you.
You hit the gnoll but do no damage.
The gnoll is severely wounded.
The gnoll hits you.
You barely miss the gnoll.
The gnoll is severely wounded.
The gnoll hits you.
* * * LOW HITPOINT WARNING * * *
You are too injured to fight recklessly!
You hit the gnoll.
The gnoll is almost dead.
The gnoll hits you!
* * * LOW HITPOINT WARNING * * *
Unknown command.
You hit the gnoll but do no damage.
The gnoll is almost dead.
The gnoll hits you.
You die...

#.# #..#.# #..#.# ###########
#..#.# #.........# #..#.#
#.........# #..#.# #.........#
#..#.# #.........# .###..#.#
#.........######## ........#
###.@..............#
####.########..>g..............#
.............†.................#
.##.#########...########.......#
... #.#.# #.......# .##.
.....#.# #.......##
#########...#.#.# #........†
............#.#.# #.......##
............#.#.# ###.#####


You could see a gnoll.

Vanquished Creatures
  An adder (D:2)
  An ooze (D:1)
  A worm (D:2)
  A dart slug (D:2)
  3 bats
  2 giant cockroaches (D:1)
  4 goblins
  2 hobgoblins
  5 jackals
  2 quokkas (D:2)
  4 kobolds
  3 rats
29 creatures vanquished.

Notes
Turn   | Place    | Note
--------------------------------------------------------------
     0 | D:1      | jacquesderrida the Demonspawn Skald began the quest for the Orb.
     0 | D:1      | Reached XP level 1. HP: 16/16 MP: 3/3
    40 | D:1      | Reached skill level 3 in Charms
    40 | D:1      | Gained mutation: You regenerate a little health from kills. [demonic ancestry]
    40 | D:1      | Reached XP level 2. HP: 13/22 MP: 5/5
   215 | D:2      | Reached XP level 3. HP: 21/27 MP: 1/6
   233 | D:2      | Learned a level 3 spell: Spectral Weapon
   550 | D:2      | Reached skill level 1 in Hexes
   608 | D:2      | HP: 1/27 [gnoll (7)]
   610 | D:2      | Slain by a gnoll

Skill      XL: |  1  2  3 |
---------------+----------+-----
Charms         | 3 |  3.1
Polearms       | 2 |  2.7
Hexes          | 1 |  1.0
Fighting       | |  2.2
Armour         | |  0.8
Dodging        | |  0.8
Spellcasting   | |  2.1

Action                   || total
-------------------------++-------
Melee: Spear             ||   135
 Cast: Infusion          ||     3
  Use: Scroll            ||     1
Armor: Leather armour    ||    33
Dodge: Dodged            ||    73
